 Dungeon Crawl Stone Soup version 0.31.0-12-g77e489cdc1 (webtiles) character file.

Game seed: 4236151080943337410

17 spaghetti the Trooper (level 2, 32/32 HPs)
             Began as an Oni Chaos Knight on Mar 5, 2024.
             Was a Plaything of Xom.
             Quit the game on level 1 of the Dungeon.
             The game lasted 00:00:24 (280 turns).

spaghetti the Trooper (Oni Chaos Knight)             Turns: 280, Time: 00:00:24

Health: 32/32      AC:  5    Str: 15    XL:     2   Next: 62%
Magic:  2/2        EV:  9    Int: 13    God:    Xom [..*...]
Gold:   54         SH:  0    Dex:  8    Spells: 1/1 levels left

rFire   . . .        a - +0 mace (chaos)
rCold   . . .        (no shield)
rNeg    . . .        b - +2 robe
rPois   .            (helmet restricted)
rElec   .            (no cloak)
rCorr   .            (gloves unavailable)
SInv    .            (boots unavailable)
Will    .....        (no amulet)
Stlth   +            (no ring)
HPRegen 0.25/turn    (no ring)
MPRegen 0.08/turn

%: no passive effects
@: no status effects
A: large, unfitting armour, horns 1, tough skin 1, double potion healing,
drunken brawling
a: Renounce Religion


You were on level 1 of the Dungeon.
You worshipped Xom.
You were a toy of Xom.
You visited 1 branch of the dungeon, and saw 1 of its levels.

You collected 54 gold pieces.

Inventory:

Hand Weapons
 a - a +0 mace of chaos (weapon)
Armour
 b - a +2 robe (worn)
Scrolls
 c - a scroll of butterflies
 d - a scroll of vulnerability {unknown}
 e - a scroll of enchant weapon {unknown}
 f - a scroll of identify {unknown}
 h - a scroll of noise {unknown}
Potions
 g - a potion of curing {unknown}


   Skills:
 - Level 4.0 Fighting
 + Level 3.9 Maces & Flails
 - Level 2.1 Dodging


You had one spell level left.
You didn't know any spells.
Your spell library was empty.

Dungeon Overview and Level Annotations

Branches:
Dungeon (1/15)

Altars:


Innate Abilities, Weirdness & Mutations

You are too large for most types of armour.
You have a pair of small horns on your head.
You have tough skin. (AC +1)
You gain doubled healing and magic from potions.
Whenever you drink a healing potion, you attack all around you.


Message History

A goblin is nearby!
An endoplasm comes into view.
The endoplasm quivers.
You closely miss the goblin. The goblin hits you with a +0 dagger.
You closely miss the goblin. The goblin hits you but does no damage.
You hit the goblin but do no damage. The goblin hits you but does no damage.
You thump the goblin!
You feel better.
You kill the goblin!
The endoplasm closely misses you.
You hit the endoplasm. You burn the endoplasm.
You kill the endoplasm!
No target in view!
No target in view!
You see here a +0 dagger.
A ball python comes into view.
The ball python hisses angrily.
A ball python is nearby!
Found a club.
A ball python is nearby!
A rat comes into view.
The rat squeaks loudly.
You sock the ball python!
You kill the ball python!
No target in view!
No target in view!
No target in view!
No target in view!
No target in view!
No target in view!
No target in view!
No target in view!
No target in view!
No target in view!
No target in view!
Found a scroll labelled CEOQESCH FUYCS.
A quokka comes into view.
You see here a ball python corpse.
There are monsters nearby!
There are monsters nearby!
Are you sure you want to abandon this character and quit the game? (Confirm with "yes".)

### # #.. .### #.#
# # ... #.#
#.#.##.##.##### #
..............##.##
...................
#....@.........#
#......####.#.##...
###.).# #.#.##.#
#..r #.#.##.# ....
##.#.##.###.# ###..
#...........# #r
#..#.#..##### #.
##..#.#..#######
........)..#...#


You could see a quokka and a rat.

Vanquished Creatures
  3 ball pythons (D:1)
  2 endoplasms (D:1)
  A giant cockroach (D:1)
  4 goblins (D:1)
  A hobgoblin (D:1)
  2 frilled lizards (D:1)
  2 kobolds (D:1)
  A rat (D:1)
16 creatures vanquished.

Notes
Turn   | Place    | Note
-------+----------+-------------------------------------------
     0 | D:1      | spaghetti the Oni Chaos Knight began the quest for the Orb.
     0 | D:1      | Reached XP level 1. HP: 24/24 MP: 1/1
   125 | D:1      | Reached XP level 2. HP: 31/32 MP: 2/2
   220 | D:1      | Found a faded altar of an unknown god.
   280 | D:1      | Quit the game

Illustrated notes

Levels and vault maps discovered:
D:1:      psy_arrival_fountain, layout_basic, basic_ecumenical_altar,
          serial_rivers, chequers_serial_rivers_small_3,
          chequers_serial_rivers_micro_a, chequers_serial_rivers_micro_d,
          chequers_serial_rivers_small_b, chequers_serial_rivers_marsh,
          chequers_serial_rivers_micro_b

Action                     || total
---------------------------++-------
  Melee: Mace              ||    34
         Headbutt          ||     4
 Armour: Robe              ||    24
  Dodge: Dodged            ||    13
